 Dungeon Crawl Stone Soup version 0.20-a0-1124-g2e29d97 (webtiles) character file.

7350 anfisbena the Grappler (level 10, -14/98 HPs)
             Began as a Troll Fighter on May 15, 2017.
             Was an Elder of Qazlal.
             Killed from afar by an orc sorcerer (23 damage)
             ... with a bolt of negative energy
             ... on level 9 of the Dungeon.
             The game lasted 00:17:10 (7671 turns).

anfisbena the Grappler (Troll Fighter)              Turns: 7671, Time: 00:17:10

Health: -14/98     AC:  6    Str: 31    XL:     10   Next: 91%
Magic:  9/9        EV: 11    Int:  4    God:    Qazlal [****..]
Gold:   563        SH: 17    Dex: 12    Spells: 9/9 levels left

rFire    . . .     SeeInvis .     - Unarmed
rCold    . . .     Gourm    +   b - +0 shield
rNeg     . . .     Faith    .   B - +0 robe (curse)
rPois    .         Spirit   .   (helmet restricted)
rElec    .         Reflect  .   m - +0 cloak
rCorr    .         Harm     .   (gloves unavailable)
MR       .....                  (boots unavailable)
Stlth    +.........             y - amulet of regeneration
Regen    1.1/turn               s - ring of stealth
MPRegen  0.2/turn               (no ring)

@: mighty, hasted, heavily drained, repel missiles, very quick
A: unfitting armour, claws 3, fast metabolism 3, gourmand, regeneration 1,
shaggy fur 1, tough skin 2
a: Upheaval, Elemental Force, Renounce Religion


You were on level 9 of the Dungeon.
You worshipped Qazlal.
Qazlal was greatly pleased with you.
You were completely stuffed.

You visited 2 branches of the dungeon, and saw 10 of its levels.

You collected 563 gold pieces.

Inventory:

Armour
 b - a +0 shield (worn)
 m - a +0 cloak (worn)
 B - a cursed +0 robe (worn)
Jewellery
 s - a ring of stealth (left claw)
 y - an amulet of regeneration (around neck)
Wands
 x - a wand of random effects (20/48)
Scrolls
 a - a scroll of enchant weapon {unknown}
 i - 4 scrolls of recharging
 k - 5 scrolls of remove curse
 l - 4 scrolls of teleportation
 q - 3 scrolls of enchant armour
 r - 2 scrolls of amnesia
 u - a scroll of vulnerability
 v - 5 scrolls of identify
 A - a scroll of fear
 C - a scroll of holy word {unknown}
Potions
 e - 2 potions of curing {unknown}
 g - 2 potions of haste
 h - 2 potions of lignification {unknown}
 j - a potion of resistance {unknown}
 o - a potion of degeneration {unknown}
 p - 2 potions of magic {unknown}
 t - 3 potions of heal wounds
 w - 2 potions of brilliance {unknown}
 z - 2 potions of flight {unknown}
Comestibles
 d - 11 bread rations
 f - 3 meat rations
 n - 8 royal jellies
 D - 5 fruits
 E - 10 chunks of flesh


   Skills:
 + Level 6.0(4.1) Fighting
 + Level 6.0(4.1) Dodging
 - Level 9.0(6.9) Shields
 - Level 10.0(7.9) Unarmed Combat


You had 9 spell levels left.
You didn't know any spells.

Dungeon Overview and Level Annotations

Branches:
Dungeon (9/15)             Temple (1/1) D:4             Orc (0/2) D:9
   Lair: D:8-11

Altars:
Ashenzari
Cheibriados
Dithmenos
Elyvilon
Fedhas
Gozag
Hepliaklqana
Kikubaaqudgha
Makhleb
Nemelex Xobeh
Okawaru
Qazlal
Ru
Sif Muna
Trog
Uskayaw
Vehumet
Wu Jian
Xom
Yredelemnul
Zin
The Shining One

Shops:
D:4 :   D:8 !

Annotations:
D:5 2 runed doors


Innate Abilities, Weirdness & Mutations

You are too large for most types of armour.
You have claws for hands.
Your metabolism is lightning-fast.
You like to eat raw meat.
Your natural rate of healing is unusually fast.
You are covered in fur. (AC +1)
You have very tough skin. (AC +2)


Message History

The hellwing swoops through the air toward you!
The hellwing barely misses you. You block the hellwing's attack.
The orc sorcerer hits you with a dagger.
* * * LOW HITPOINT WARNING * * *
The orc sorcerer hits you with a dagger.
* * * LOW HITPOINT WARNING * * *
The sixfirhy hits you.
* * * LOW HITPOINT WARNING * * *
The sixfirhy shocks you!
* * * LOW HITPOINT WARNING * * *
You feel very mighty all of a sudden.
You block the sixfirhy's attack. x2; The hellwing closely misses you.
You block the hellwing's attack. The orc sorcerer barely misses you.
You claw the orc sorcerer!
The orc sorcerer is moderately wounded.
You block the sixfirhy's attack.
The sixfirhy hits you but does no damage.
The orc sorcerer casts a spell at you. The bolt of negative energy hits you!
You feel drained.
You die...

#.#)..# #....≈# ..
#.....# #....≈#...
##....# #....≈o..)
####.)..# #....≈#
...#....# #..#.≈#
.8.'....# #..# ≈≈#
...##...# #..# ≈≈≈
#####..)# #o3# o..
# #...########@o#
.. #.........§§4§#
. # #.............#
#####).#########..#
...##..# #..#
.8.##..# #....
...#...# #.....
#####..# #.#####
#..# .#


You could see a hellwing, a sixfirhy and 2 orc sorcerers.

Vanquished Creatures
  A two-headed ogre (D:8)
  A wizard (D:9)
  A hornet (D:9)
  2 hippogriffs
  Sigmund (D:3)
  4 hogs (D:7)
  A hungry ghost (D:8)
  A human (D:7)
  Edmund (D:5)
  3 phantoms
  2 orc warriors (D:6)
  3 ice beasts (D:5)
  An eye of draining (D:9)
  6 ogres
  4 centaurs
  A big kobold (D:7)
  7 bullfrogs
  A gnoll sergeant (D:9)
  6 killer bees (D:7)
  4 wights (D:6)
  5 howler monkeys
  5 crimson imps
  A quasit (D:6)
  A bullfrog zombie (D:9)
  5 hounds
  5 orc priests
  2 bullfrog skeletons (D:5)
  9 orc wizards
  Jessica (D:3)
  8 iguanas
  Ijyb (D:3)
  Natasha (D:2)
  6 worker ants
  A hound zombie (D:5)
  A hound skeleton (D:7)
  3 worker ant zombies
  15 gnolls
  6 adders
  A shadow imp (D:7)
  A white imp (D:4)
  2 oozes
  3 adder skeletons
  2 worms
  10 dart slugs
  5 leopard geckos
  47 orcs
  5 giant cockroaches
  9 goblins
  9 hobgoblins
  14 jackals
  3 quokkas
  10 bats
  6 frilled lizards
  2 gnoll zombies (D:5)
  2 goblin skeletons (D:4)
  2 goblin zombies (D:4)
  3 hobgoblin zombies (D:4)
  A jackal skeleton (D:5)
  A jackal zombie (D:5)
  27 kobolds
  3 kobold skeletons (D:4)
  A kobold zombie (D:4)
  A leopard gecko skeleton (D:7)
  An orc skeleton (D:4)
  A quokka skeleton (D:5)
  7 rats
  7 plants (D:7)
313 creatures vanquished.

Vanquished Creatures (others)
  2 plants (D:7)
2 creatures vanquished.

Grand Total: 315 creatures vanquished

Notes
Turn   | Place    | Note
-------+----------+-------------------------------------------
     0 | D:1      | anfisbena the Troll Fighter began the quest for the Orb.
     0 | D:1      | Reached XP level 1. HP: 22/22 MP: 0/0
   132 | D:1      | Reached XP level 2. HP: 26/29 MP: 1/1
   445 | D:1      | Reached skill level 3 in Unarmed Combat
   594 | D:2      | Reached XP level 3. HP: 36/36 MP: 2/2
   903 | D:2      | Noticed Natasha
   924 | D:2      | Killed Natasha
   924 | D:2      | Reached skill level 4 in Unarmed Combat
   924 | D:2      | Reached XP level 4. HP: 28/44 MP: 3/3
  1640 | D:3      | Reached skill level 5 in Unarmed Combat
  1712 | D:3      | Noticed Sigmund
  1728 | D:3      | Killed Sigmund
  1728 | D:3      | Reached skill level 6 in Unarmed Combat
  1728 | D:3      | Reached XP level 5. HP: 29/50 MP: 4/4
  1728 | D:3      | Reached XP level 6. HP: 34/59 MP: 5/5
  2148 | D:3      | Noticed Ijyb
  2157 | D:3      | Killed Ijyb
  2316 | D:3      | Noticed Jessica
  2323 | D:3      | Killed Jessica
  2476 | D:4      | Reached skill level 7 in Unarmed Combat
  2571 | D:4      | Reached XP level 7. HP: 57/66 MP: 6/6
  2638 | D:4      | Reached skill level 8 in Unarmed Combat
  2649 | D:4      | Found a glowing golden altar of the Shining One.
  2740 | D:4      | Found Zuosacsi's Book Boutique.
  3009 | D:4      | Reached skill level 9 in Unarmed Combat
  3223 | D:4      | Found a staircase to the Ecumenical Temple.
  3278 | Temple   | Entered the Ecumenical Temple
  3390 | D:5      | Entered Level 5 of the Dungeon
  3390 | D:5      | Noticed Edmund
  3407 | D:5      | Killed Edmund
  3407 | D:5      | Reached XP level 8. HP: 54/74 MP: 7/7
  3471 | D:5      | Found a large runed door.
  3471 | D:5      | Found a large runed door.
  3484 | D:5      | Reached skill level 10 in Unarmed Combat
  3651 | D:5      | Found a basalt altar of Yredelemnul.
  3744 | D:5      | Found a large runed door.
  3744 | D:5      | Found a large runed door.
  3968 | D:5      | Found a white marble altar of Elyvilon.
  3968 | D:5      | Found a shimmering altar of Xom.
  3969 | D:5      | Found a stormy altar of Qazlal.
  3990 | D:5      | Became a worshipper of Qazlal Stormbringer
  4007 | D:5      | Reached skill level 5 in Shields
  4451 | D:6      | Reached XP level 9. HP: 68/80 MP: 8/8
  4452 | D:6      | Reached * piety under Qazlal
  4784 | D:6      | Found a sacrificial altar of Ru.
  4861 | D:6      | Found an iron altar of Okawaru.
  5194 | D:6      | Found a shadowy altar of Dithmenos.
  5588 | D:7      | Reached ** piety under Qazlal
  5992 | D:7      | Reached XP level 10. HP: 58/91 MP: 9/9
  6534 | D:8      | Found Tuczesed's Distillery.
  6638 | D:8      | Noticed a two-headed ogre
  6644 | D:8      | Killed a two-headed ogre
  6644 | D:8      | Reached *** piety under Qazlal
  7087 | D:9      | Reached skill level 5 in Fighting
  7142 | D:9      | Reached **** piety under Qazlal
  7179 | D:9      | Found a staircase to the Orcish Mines.
  7228 | D:9      | Reached skill level 5 in Dodging
  7233 | D:9      | Paralysed by a hornet for 1 turns
  7529 | D:9      | Found a sparkling altar of Nemelex Xobeh.
  7540 | D:9      | Noticed a wizard
  7551 | D:9      | Killed a wizard
  7655 | D:9      | Noticed an orc sorcerer
  7655 | D:9      | Noticed an orc sorcerer
  7657 | D:9      | Noticed an orc sorcerer
  7669 | D:9      | Noticed a sixfirhy
  7671 | D:9      | Killed from afar by an orc sorcerer

Vault maps used:
D:1:      nicolae_arrival_somewhat_less_tricky_arrival
D:2:      cheibrodos_greedy_goblins, hangedman_decor_opposing, uniq_natasha
D:3:      kennysheep_slugbush, uniq_sigmund, uniq_jessica, uniq_ijyb
D:4:      minmay_temple_entry_poolview, serial_shops, shop,
          nicolae_tso_besieged_by_evil
D:5:      cheibrodos_barr_body, lemuel_zombie_altar_yredelemnul,
          gammafunk_temple_overflow_claw, chequers_ossuary_entry_cave,
          first_bread, moated_statue, minmay_hollow_rounded_squares,
          uniq_edmund, uniq_grinder
D:6:      lemuel_doored_altar, okawaru_gym_becter,
          nicolae_dithmenos_through_a_glass_darkly, serial_park_tiny_1
D:7:      kennysheep_kobold_camp, grunt_livestock
D:8:      serial_shops, shop
D:9:      cheibrodos_wizards_tower, nemelex_xobeh_ov_fountains_minmay,
          hiddenorc2_lemuel, kennysheep_another_room, minmay_misc_feat_chi
Temple:   cyrus_circular_temple

Skill      XL: |  1  2  3  4  5  6  7  8  9 10 |
---------------+-------------------------------+-----
Unarmed Combat | 3 4 6 7 9 10 | 10.0
Shields        | 6 9 |  9.0
Fighting       | 3 6 |  6.0
Dodging        | 3 6 |  6.0

Action                   |  1- 3 |  4- 6 |  7- 9 | 10-12 || total
-------------------------+-------+-------+-------+-------++-------
Melee: Unarmed           |   130 |   173 |   376 |   312 ||   991
  Use: Scroll            |     1 |     6 |     6 |       ||    13
       Potion            |       |       |       |     2 ||     2
 Stab: Sleeping          |     1 |     2 |       |       ||     3
  Eat: Chunk             |    14 |    12 |    35 |    16 ||    77
Armor: Robe              |    75 |    52 |    70 |    22 ||   219
Dodge: Dodged            |    52 |    49 |   102 |    67 ||   270
Block: Shield            |    66 |    62 |   193 |   188 ||   509
